AoeStats
← RiGhT

Nomad

510722920Analyzed
4v4 RM · 13h ago on Oct 2, 2026· 75m 24s· 8 players
Game mode
Random Map
Map size
231×231
Population
200
Speed
Normal
Resources
Standard
Victory
Conquest
Starting age
Dark Age
Ending age
Imperial Age
RankedLock teamsTeams togetherTeam positionsShared explorationLock speedFull tech treeHidden civsTurbo modeCheats
Victory
Defeat
🇮🇳 Varangians · India
1187
+13
🇪🇸 Franks · Spain
1178
+13
🇵🇰 Persians · Pakistan
1158
+14
🇨🇴 Khitans · Colombia
1080
+17
🇪🇸 Berbers · Spain
1164
-16
🇺🇸 Mongols · United States
1133
-15
🇩🇪 Varangians · Germany
1108
-14
🇩🇪 Jurchens · Germany
1058
-12
kneehao
13:51 Feudal Age
14:08 Loom
15:09 Fishing Lines
19:21 Castle Age
18:51 Double-Bit Axe
19:50 Wheelbarrow
20:00 Gillnets
21:34 Bow Saw
21:43 Horse Collar
21:58 Stone Mining
23:16 Medium Warships
24:30 Bloodlines
25:41 Heavy Plow
26:17 Scale Barding Armor
26:54 Husbandry
27:26 Fletching
27:37 Padded Archer Armor
28:34 Bodkin Arrow
29:01 Town Watch
29:32 Hand Cart
30:14 Leather Archer Armor
33:15 Forging
36:28 Imperial Age
34:40 Gold Mining
35:26 Stone Shaft Mining
35:19 Town Patrol
35:07 Light Cavalry
36:31 Gold Shaft Mining
37:42 Ballistics
37:48 Conscription
37:48 Bracer
40:18 Chemistry
39:21 Hussar
40:06 Elite Mangudai
42:30 Chain Barding Armor
42:46 Iron Casting
43:55 Coinage
43:06 Capped Ram
44:24 Siege Ram
52:15 Drill
55:59 Blast Furnace
73:54 Murder Holes
74:14 Masonry
Gello426205
17:35 Feudal Age
15:52 Loom
17:38 Feudal Age
18:44 Double-Bit Axe
18:52 Gold Mining
18:53 Stone Mining
18:48 Fishing Lines
18:54 Horse Collar
23:56 Castle Age
22:06 Scale Mail Armor
22:31 Arson
22:59 Forging
23:57 Scale Barding Armor
25:42 Chain Barding Armor
26:09 Stone Shaft Mining
26:11 Gold Shaft Mining
25:47 Bow Saw
28:08 Iron Casting
28:44 Bloodlines
30:46 Husbandry
43:20 Imperial Age
40:55 Murder Holes
44:57 Heavy Scorpion
46:57 Ballistics
53:30 Siege Engineers
69:58 Pikeman
72:33 Halberdier
Bernie
5:37 Loom
15:07 Feudal Age
18:38 Bloodlines
21:11 Castle Age
19:32 Double-Bit Axe
20:20 Forging
24:40 Scale Barding Armor
26:16 Bow Saw
25:49 Horse Collar
33:46 Wheelbarrow
35:52 Scale Mail Armor
|GaoeG| Ratarax
17:13 Feudal Age
21:24 Castle Age
19:15 Loom
21:31 Castle Age
19:58 Double-Bit Axe
20:10 Horse Collar
22:38 Scale Barding Armor
22:44 Forging
24:00 Wheelbarrow
25:18 Chain Barding Armor
26:15 Bloodlines
27:26 Fishing Lines
32:33 Hand Cart
35:54 Gold Mining
39:59 Imperial Age
37:50 Padded Archer Armor
37:47 Fletching
38:15 Stone Mining
39:05 Gold Shaft Mining
38:55 Kasbah
40:34 Bodkin Arrow
40:55 Leather Archer Armor
Ace
4:39 Loom
14:18 Feudal Age
15:07 Double-Bit Axe
20:43 Castle Age
27:51 Wheelbarrow
29:55 Gold Mining
29:57 Stone Mining
30:23 Bow Saw
30:19 Scale Barding Armor
30:25 Forging
37:31 Imperial Age
35:37 Husbandry
36:53 Hand Cart
38:20 Chain Barding Armor
38:35 Iron Casting
38:16 Cavalier
39:17 Fletching
39:27 Padded Archer Armor
42:43 Plate Barding Armor
41:36 Elite Skirmisher
43:47 Paladin
47:27 Gold Shaft Mining
47:55 Bodkin Arrow
48:15 Leather Archer Armor
50:37 Chemistry
49:48 Careening
49:37 Murder Holes
51:49 Demolition Ship
53:22 Pikeman
53:48 Gambesons
54:03 Squires
53:49 Arson
60:49 Halberdier
62:27 Fishing Lines
64:51 Capped Ram
69:48 Conscription
73:23 Scale Mail Armor
74:24 Blast Furnace
75:03 Chain Mail Armor
rubendariod01
9:04 Loom
13:22 Feudal Age
13:55 Double-Bit Axe
18:38 Padded Archer Armor
19:49 Fletching
23:51 Castle Age
23:57 Crossbowman
24:40 Bodkin Arrow
25:50 Thumb Ring
38:47 Bow Saw
41:06 Wheelbarrow
41:18 Ballistics
40:50 Heavy Cavalry Archer
46:08 Hand Cart
48:53 Hand Cart
49:47 Leather Archer Armor
52:28 Gold Mining
56:00 Imperial Age
55:40 Town Watch
58:22 Chemistry
57:09 Capped Ram
58:14 Siege Ram
60:45 Two-Man Saw
60:31 Parthian Tactics
62:55 Murder Holes
66:08 Stone Mining
69:38 Husbandry
69:00 Light Cavalry
70:37 Hussar
71:30 Scale Barding Armor
71:25 Bracer
71:55 Ring Archer Armor
71:36 Forging
76:03 Iron Casting
75:49 Chain Barding Armor
RiGhT
8:01 Loom
16:59 Feudal Age
18:24 Fishing Lines
21:44 Castle Age
19:56 Double-Bit Axe
21:49 Horse Collar
23:08 Bow Saw
24:19 Wheelbarrow
23:27 Horse Collar
23:41 Fletching
24:20 Bodkin Arrow
28:21 Hand Cart
29:20 Squires
29:06 Arson
29:06 Gambesons
29:49 Horse Collar
30:28 Gambesons
34:12 Ballistics
35:58 Town Watch
37:12 Treadmill Crane
37:44 Masonry
38:12 Scale Mail Armor
39:37 Heavy Plow
42:41 Imperial Age
41:00 Scale Mail Armor
41:11 Forging
41:34 Murder Holes
42:22 Chain Mail Armor
42:45 Gold Mining
42:46 Stone Mining
44:01 Plate Mail Armor
46:40 Iron Casting
46:33 Capped Ram
47:44 Bracer
48:45 Blast Furnace
47:44 Elite Varangian Guard
51:28 Crop Rotation
52:07 Two-Man Saw
52:16 Chemistry
51:46 Architecture
52:38 Stone Shaft Mining
52:48 Siege Ram
54:35 Conscription
53:38 Vendel Legacy
53:39 Gothikon
61:38 Scale Barding Armor
61:00 Elite Jarl
63:37 Chain Barding Armor
64:55 Plate Barding Armor
63:43 Cavalier
64:24 Husbandry
64:35 Bloodlines
66:29 Siege Engineers
NSN WAJID
10:40 Loom
10:48 Loom
16:23 Feudal Age
17:03 Double-Bit Axe
17:33 Stone Mining
20:23 Castle Age
18:17 Gold Mining
18:13 Fishing Lines
20:16 Wheelbarrow
19:30 Horse Collar
22:43 Bow Saw
25:33 Gold Shaft Mining
24:59 Heavy Plow
28:11 Demolition Ship
29:12 Medium Warships
35:13 Husbandry
35:26 Bloodlines
35:24 Scale Mail Armor
35:35 Forging
35:31 Scale Barding Armor
37:40 Pikeman
39:09 Coinage
39:17 Iron Casting
38:47 Scale Barding Armor
44:22 Chain Barding Armor
53:10 Imperial Age
50:57 Hand Cart
50:17 Elite Skirmisher
51:07 Thumb Ring
55:13 Cavalier
65:26 Halberdier
66:07 Squires
65:53 Arson
66:03 Fletching
66:13 Padded Archer Armor
66:13 Scale Mail Armor
67:18 Blast Furnace
68:35 Leather Archer Armor
68:15 Bodkin Arrow
69:29 Ballistics
70:12 Chemistry
69:34 Ballistics
73:07 Chain Mail Armor
Connection lost

Rejoining the realm…

Still unreachable

The connection could not be restored.

Session expired

The server has moved on; the page needs a fresh start.